 Dungeon Crawl Stone Soup version 0.24-a0-59-gc4a3eeb (webtiles) character file.

Game seed: 18360394323723517040

96808 Blackhawk the Severer (level 15, -11/123 HPs)
             Began as a Demonspawn Gladiator on Feb 4, 2019.
             Was a High Priest of Trog.
             Mangled by an orc warrior
             ... wielding a +0 halberd
              (16 damage)
             ... while paralysed by an orc sorcerer
             ... on level 2 of the Orcish Mines.
             The game lasted 01:03:21 (32055 turns).

Blackhawk the Severer (Demonspawn Gladiator)       Turns: 32055, Time: 01:03:22

Health: -11/123    AC: 19    Str: 28    XL:     15   Next: 70%
Magic:  15/15      EV:  2    Int: 23    God:    Trog [*****.]
Gold:   1779       SH:  0    Dex: 17    Spells: 14/14 levels left

rFire    + + +     SeeInvis +   a - +7 battleaxe "Fenesos" {chop, Int+6}
rCold    . . .     Gourm    +   (shield currently unavailable)
rNeg     . . .     Faith    .   z - +0 fire dragon scales
rPois    .         Spirit   .   (helmet restricted)
rElec    .         Reflect  .   D - +0 cloak
rCorr    .         Harm     .   m - +1 pair of gloves {Str+3}
MR       +....     NoTele   +   (no boots)
Stlth    ..........             J - amulet of the gourmand
HPRegen  0.30/turn              C - ring of Hyogun {Wiz -Tele rF+ rC+ Str+7}
MPRegen  0.14/turn              P - ring of Cyqaps {Int+7 SInv}

@: paralysed, lightly drained
A: antennae 2, thin metallic scales 2, powered by death 1, spiny 2
a: Berserk, Trog's Hand, Brothers in Arms, Renounce Religion


You were on level 2 of the Orcish Mines.
You worshipped Trog.
Trog was extremely pleased with you.
You were very full.

You visited 4 branches of the dungeon, and saw 24 of its levels.
You also visited: Ossuary and Ice Cave.

You collected 1779 gold pieces.

Inventory:

Hand Weapons
 a - the +7 battleaxe "Fenesos" (weapon) {chop, Int+6}
   (Trog gifted it to you on level 6 of the Lair of Beasts)

   It inflicts extra damage upon your enemies.
   It affects your intelligence (+6).
 b - a +4 mace
 M - a +0 battleaxe of venom
Missiles
 d - 9 throwing nets (quivered)
Armour
 g - a +3 chain mail of fire resistance
 m - a +1 pair of gloves of strength (worn)
 t - the +4 ring mail "Ritaxos" {rElec Int+2 Dex+2}
   (You found it on level 4 of the Dungeon)

   It affects your intelligence (+2).
   It affects your dexterity (+2).
   It insulates you from electricity.
 z - +0 fire dragon scales (worn)
 D - a +0 cloak (worn)
 F - quicksilver dragon scales
 O - a +0 pair of boots
Jewellery
 e - a +1 ring of evasion
 C - the ring of Hyogun (left hand) {Wiz -Tele rF+ rC+ Str+7}
   (You found it on level 1 of the Lair of Beasts)

   [ring of wizardry]

   It improves your spell success rate.
   It affects your strength (+7).
   It protects you from fire.
   It protects you from cold.
   It prevents most forms of teleportation.
 J - an amulet of the gourmand (around neck)
 P - the ring of Cyqaps (right hand) {Int+7 SInv}
   (You found it on level 6 of the Lair of Beasts)

   [ring of see invisible]

   It affects your intelligence (+7).
   It lets you see invisible.
 R - an uncursed ring of positive energy
 S - an uncursed amulet of the acrobat {unknown}
Wands
 E - a wand of enslavement (3)
 K - a wand of polymorph (24)
 L - a wand of paralysis (26)
 Q - a wand of flame (9)
 T - a wand of disintegration (16)
Scrolls
 h - 12 scrolls of remove curse
 i - 14 scrolls of teleportation
 j - a scroll of identify
 k - 5 scrolls of enchant armour
 n - 5 scrolls of blinking
 r - 2 scrolls of enchant weapon
 u - a scroll of fear
 v - 6 scrolls of fog
 y - 2 scrolls of magic mapping {unknown}
 H - 2 scrolls of brand weapon
Potions
 f - 2 potions of heal wounds
 l - 4 potions of agility
 o - 9 potions of curing
 p - 4 potions of haste
 s - 4 potions of might
 w - 2 potions of lignification
 x - 2 potions of resistance
 A - a potion of brilliance
 B - a potion of cancellation
 G - 5 potions of flight
 N - a potion of invisibility
Miscellaneous
 q - 2 boxes of beasts
Comestibles
 c - 38 rations


   Skills:
 + Level 13.1(13.0) Fighting
 * Level 15.6(15.5) Axes
 - Level 2.4(2.3) Throwing
 + Level 11.9(11.8) Armour
 + Level 12.3(12.2) Dodging


You had 14 spell levels left.
You didn't know any spells.
Your spell library contained the following spells:

 Spells                   Type           Power        Failure   Level  Hunger
 Confusing Touch          Hex            #.....       13%         1    ##.....
 Confuse                  Hex            #.......     34%         3    ####...
 Gell's Gravitas          Tloc           #.........   34%         3    ####...
 Petrify                  Tmut/Erth      #.......     75%         4    #####..
 Metabolic Englaciation   Hex/Ice        #.........   96%         5    ######.
 Yara's Violent Unravell  Hex/Tmut       #.........   96%         5    ######.


Dungeon Overview and Level Annotations

Branches:
Dungeon (15/15)            Temple (1/1) D:6            Lair (6/6) D:8
  Swamp (0/4) Lair:3       Spider (0/4) Lair:4        Slime (0/5) Lair:6
    Orc (2/2) D:12         Vaults (0/5) D:13         Depths (0/5) D:15
    Elf: Orc:2

Altars:
Ashenzari
Cheibriados
Dithmenos
Elyvilon
Fedhas
Gozag
Hepliaklqana
Kikubaaqudgha
Makhleb
Nemelex Xobeh
Okawaru
Qazlal
Ru
Sif Muna
Trog
Uskayaw
Vehumet
Wu Jian
Xom
Yredelemnul
Zin
The Shining One
Jiyva

Shops:
D:8 }:!   D:11 *   D:12 (

Annotations:
D:6 1 runed translucent door, Crazy Yiuf
D:11 exclusion: 2 oklob plants
Lair:6 5 exclusions


Innate Abilities, Weirdness & Mutations

You have a pair of antennae on your head.
You are mostly covered in thin metallic scales. (AC +3)
You regenerate a little health from kills.
You are mostly covered in sharp spines.


Message History

The orc warrior hits you from afar with a +0 glaive.
The orc warrior is struck by your spines.
The orc warrior hits you with a +1 war axe of electrocution!!
The orc wizard casts a spell.
The orc wizard blinks!
The orc sorcerer casts a spell.
The red devil hits you from afar with a +0 trident!
The ice devil is struck by your spines. The ice devil completely misses you.
The orc sorcerer hits you but does no damage.
The orc warrior hits you with a +1 war axe of electrocution!!
* * * LOW HITPOINT WARNING * * *
The orc warrior hits you from afar with a +0 glaive.
* * * LOW HITPOINT WARNING * * *
The ice devil is struck by your spines. The ice devil hits you!
* * * LOW HITPOINT WARNING * * *
The ice devil freezes you!
* * * LOW HITPOINT WARNING * * *
The orc sorcerer hits you but does no damage.
The orc warrior hits you from afar with a +0 halberd!
You die...

#........ ....o.§.
#..oTo#{ #.o.oo#
#8..{8# # #.....####
.## #.o..o#..####§.#
#....##[.o3#)o4.#
.....##..4oo4@..#...
.......#.#.4oo......#
........#..o.......##
...............<.....
.....................
.......#.......#....
.............#######
.............
...#..#.#


You could see an orc warlord, a soul eater, 2 hellwings, an ice devil, 2 orc
sorcerers, a red devil, 3 orc warriors, an orc priest and an orc wizard
(invisible).

Vanquished Creatures
  Rupert (D:15)
  Agnes (D:15)
  A shadow dragon (D:14)
  A fire giant (D:13)
  An ettin (D:15)
  A fire dragon (D:14)
  Josephine (Lair:4)
  2 ogre magi
  5 vault guards
  Harold (D:11)
  10 hydras
  A rakshasa (D:14)
  A catoblepas (D:14)
  3 two-headed ogres
  5 centaur warriors
  6 death yaks (Lair:5)
  Urug (Orc:1)
  A tengu warrior (D:15)
  Nergalle (D:10)
  An unseen horror (D:11)
  A wizard (D:13)
  3 deep elf archers
  Pikel (D:5)
  A lindwurm (Lair:3)
  3 orc knights
  2 cyclopes
  11 ugly things
  3 manticores
  4 deep elf magi
  3 elephants (Lair:6)
  4 black mambas
  12 spiny frogs
  3 gargoyles
  2 centaur skeletons
  A kobold demonologist (D:14)
  A yaktaur (D:15)
  8 rime drakes
  7 komodo dragons
  An efreet (D:15)
  A redback zombie (D:14)
  3 meliai (D:14)
  4 jumping spiders (Lair:4)
  2 polar bears (Lair:6)
  7 trolls
  5 hornets (Lair:6)
  4 slime creatures (D:13)
  7 dream sheep (Lair:6)
  9 hippogriffs
  A meliai zombie (D:14)
  12 blink frogs
  2 redbacks (Lair:4)
  7 wraiths
  12 spriggans (Lair:6)
  9 wyverns
  14 basilisks
  24 yaks
  Eustachio (D:4)
  A hungry ghost (D:14)
  3 swamp worms (Lair:3)
  A warg (Orc:1)
  15 water moccasins
  6 porcupines
  Duvessa (D:5)
  2 hell hounds (D:14)
  A necrophage (D:10)
  6 black bears
  18 ice beasts
  2 slaves (D:5)
  17 orc warriors
  4 ogres
  3 phantoms
  5 boggarts (Lair:6)
  3 sky beasts
  24 wolves
  15 centaurs
  11 crocodiles
  3 big kobolds
  29 bullfrogs
  A gnoll sergeant (D:7)
  Dowan (D:5)
  A scorpion (D:7)
  11 killer bees
  8 wights
  5 howler monkeys
  6 crimson imps
  A quasit (D:14)
  4 centaur zombies
  2 bullfrog zombies (D:11)
  18 orc wizards
  8 hounds
  A human zombie (Ossuary)
  3 jellies
  2 bullfrog skeletons
  20 orc priests
  4 iguanas
  10 worker ants
  4 hell rats (Lair:3)
  3 ogre zombies (Ossuary)
  A hound zombie (D:5)
  7 mummies (Ossuary)
  4 gnolls (D:7)
  6 river rats (Lair:3)
  12 adders
  4 shadow imps
  3 oozes
  An adder skeleton (D:8)
  4 adder zombies (Ossuary)
  2 worms (D:2)
  A dart slug (D:1)
  5 leopard geckos
  97 orcs
  3 giant cockroaches
  8 goblins
  7 hobgoblins
  18 jackals
  5 quokkas
  3 ball pythons
  2 bats (D:1)
  4 frilled lizards
  4 goblin zombies (Ossuary)
  9 hobgoblin zombies (Ossuary)
  17 kobolds
  A kobold zombie (Ossuary)
  2 quokka zombies (Ossuary)
  19 rats
  4 rat zombies (Ossuary)
  3 fungi
  3 plants
782 creatures vanquished.

Vanquished Creatures (others)
  An orc priest (Orc:2)
  An orc wizard (Orc:2)
  An orc (Orc:2)
  A jackal (D:3)
  10 fungi
  9 plants
23 creatures vanquished.

Grand Total: 805 creatures vanquished

Notes
Turn   | Place    | Note
-------+----------+-------------------------------------------
     0 | D:1      | Blackhawk the Demonspawn Gladiator began the quest for the
                  | Orb.
     0 | D:1      | Reached XP level 1. HP: 16/16 MP: 1/1
   307 | D:1      | Gained mutation: You are partially covered in sharp spines.
                  | [demonic ancestry]
   307 | D:1      | Reached XP level 2. HP: 21/22 MP: 2/2
   525 | D:1      | You fall through a shaft!
   856 | D:2      | Reached skill level 3 in Axes
   856 | D:2      | Gained mutation: You have a pair of small antennae on your
                  | head. [demonic ancestry]
   856 | D:2      | Reached XP level 3. HP: 20/28 MP: 3/3
  1579 | D:2      | Reached XP level 4. HP: 34/34 MP: 4/4
  1867 | D:2      | Found a glowing golden altar of the Shining One.
  2269 | D:3      | Found a burning altar of Makhleb.
  2270 | D:3      | Found a radiant altar of Vehumet.
  2437 | D:3      | Gained mutation: You regenerate a little health from kills.
                  | [demonic ancestry]
  2437 | D:3      | Reached XP level 5. HP: 41/41 MP: 5/5
  2560 | D:3      | Reached skill level 1 in Armour
  2982 | D:3      | Found a basalt altar of Yredelemnul.
  3573 | D:3      | Gained mutation: You are partially covered in thin metallic
                  | scales. (AC +2) [demonic ancestry]
  3573 | D:3      | Reached XP level 6. HP: 41/47 MP: 6/6
  3586 | D:4      | Noticed Eustachio
  3588 | D:4      | Reached skill level 4 in Axes
  3902 | D:4      | Killed Eustachio
  3993 | D:4      | Got a translucent ring mail
  3994 | D:4      | Identified the +4 ring mail "Ritaxos" {rElec Int+2 Dex+2}
                  | (You found it on level 4 of the Dungeon)
  4101 | D:4      | Found a sparkling altar of Nemelex Xobeh.
  4332 | D:4      | Gained mutation: You have a pair of antennae on your head.
                  | [demonic ancestry]
  4332 | D:4      | Reached XP level 7. HP: 42/54 MP: 7/7
  4609 | D:5      | Entered Level 5 of the Dungeon
  5323 | D:5      | Reached skill level 5 in Axes
  5323 | D:5      | Reached skill level 5 in Dodging
  5360 | D:5      | Reached XP level 8. HP: 61/61 MP: 8/8
  5415 | D:5      | Found an opulent altar of Gozag.
  5454 | D:6      | Found a sand-covered staircase.
  5458 | D:6      | Reached skill level 5 in Fighting
  5470 | Ossuary  | Entered an ossuary
  6149 | D:6      | Found a staircase to the Ecumenical Temple.
  6169 | Temple   | Entered the Ecumenical Temple
  6271 | Temple   | Became a worshipper of Trog the Wrathful
  6437 | D:6      | Noticed Duvessa
  6437 | D:6      | Noticed Dowan
  6440 | D:6      | Noticed Pikel
  6483 | D:5      | Killed Duvessa
  6487 | D:5      | Killed Dowan
  6654 | D:5      | Killed Pikel
  6654 | D:5      | Reached skill level 6 in Axes
  6654 | D:5      | Reached skill level 5 in Armour
  6654 | D:5      | Reached XP level 9. HP: 51/70 MP: 9/9
  6801 | D:6      | Found a glowing silver altar of Zin.
  6869 | D:6      | Found a runed translucent door.
  6870 | D:6      | Noticed Crazy Yiuf
  6958 | D:7      | Found an iron altar of Okawaru.
  7086 | D:7      | Reached * piety under Trog
  7583 | D:7      | Reached skill level 7 in Axes
  7627 | D:7      | Found a sparkling altar of Nemelex Xobeh.
  7905 | D:7      | Found an ornate altar of the Wu Jian Council.
  8201 | D:7      | Found a shadowy altar of Dithmenos.
  8373 | D:8      | Found a staircase to the Lair.
  8379 | D:8      | Gained mutation: You are mostly covered in sharp spines.
                  | [demonic ancestry]
  8379 | D:8      | Reached XP level 10. HP: 74/79 MP: 10/10
  8415 | D:8      | Found a hazy altar of Hepliaklqana.
  8642 | D:8      | Found Hojosk's Distillery.
  8649 | D:8      | Reached ** piety under Trog
  8708 | D:8      | Found Buapuec's Gadget Shoppe.
  8820 | D:8      | Found Zobaih's Book Shoppe.
  9254 | D:9      | Identified a scroll of acquirement
  9357 | D:9      | Reached skill level 8 in Axes
  9399 | D:9      | Noticed a two-headed ogre
  9406 | D:9      | Killed a two-headed ogre
  9503 | D:9      | Found a hide-covered altar of Uskayaw.
  9560 | D:9      | Reached *** piety under Trog
  9800 | D:9      | Found a shimmering altar of Xom.
  9876 | D:10     | Entered Level 10 of the Dungeon
 10029 | D:9      | Reached skill level 9 in Axes
 10143 | D:10     | Reached XP level 11. HP: 82/87 MP: 11/11
 10394 | D:10     | Received a gift from Trog
 10492 | D:10     | Noticed Nergalle
 10521 | D:10     | Killed Nergalle
 10844 | D:11     | Found Helory's General Store.
 10875 | D:11     | Noticed a white ugly thing
 10877 | D:11     | Killed an unseen horror
 10993 | D:11     | Killed a white ugly thing
 10995 | D:11     | Reached **** piety under Trog
 11025 | D:11     | Noticed an eight-headed hydra
 11333 | Lair:1   | Entered Level 1 of the Lair of Beasts
 11597 | Lair:1   | Reached skill level 10 in Axes
 11756 | Lair:1   | Noticed an eight-headed hydra
 12412 | Lair:1   | Killed an eight-headed hydra
 12832 | Lair:1   | Got a sparkling tin ring
 13117 | Lair:1   | Identified the ring of Hyogun {Wiz -Tele rF+ rC+ Str+7}
                  | (You found it on level 1 of the Lair of Beasts)
 13583 | Lair:2   | Gained mutation: You are mostly covered in thin metallic
                  | scales. (AC +3) [demonic ancestry]
 13583 | Lair:2   | Reached XP level 12. HP: 77/96 MP: 12/12
 13926 | Lair:2   | Reached skill level 11 in Axes
 14192 | Lair:2   | Noticed a four-headed hydra
 14201 | Lair:2   | Killed a five-headed hydra
 14869 | Lair:3   | Reached skill level 10 in Fighting
 15109 | Lair:3   | Noticed a four-headed hydra
 15130 | Lair:3   | Killed a four-headed hydra
 15741 | Lair:3   | Received a gift from Trog
 16279 | Lair:3   | Noticed a seven-headed hydra
 16290 | Lair:3   | Killed a seven-headed hydra
 16591 | Lair:3   | Reached skill level 12 in Axes
 16774 | Lair:3   | Found a staircase to the Swamp.
 16916 | Lair:4   | Noticed Sonja
 17303 | Lair:4   | Noticed an eight-headed hydra
 17312 | Lair:4   | Killed an eight-headed hydra
 17312 | Lair:4   | Reached skill level 10 in Dodging
 17507 | Lair:4   | Noticed Sonja
 17507 | Lair:4   | Sonja changed into Sonja the rime drake
 17512 | Lair:4   | Killed Sonja the rime drake
 17907 | Lair:4   | Reached XP level 13. HP: 59/104 MP: 13/13
 18150 | Lair:4   | Noticed Josephine
 18166 | Lair:4   | Killed Josephine
 18672 | Lair:4   | Found a hole to the Spider Nest.
 19229 | Lair:5   | Found a frozen archway.
 19244 | Lair:5   | Reached ***** piety under Trog
 19339 | IceCv    | Entered an ice cave
 19360 | IceCv    | Got a smoking falchion
 20629 | Lair:5   | Identified the +7 falchion of Ancient Evil {pain, rC+
                  | Str+4} (You found it in an ice cave)
 20986 | Lair:5   | Reached skill level 10 in Armour
 20990 | Lair:5   | Reached skill level 13 in Axes
 21540 | Lair:6   | Entered Level 6 of the Lair of Beasts
 21742 | Lair:6   | Received a gift from Trog
 21746 | Lair:6   | Got a faintly glowing battleaxe {god gift}
 21747 | Lair:6   | Identified the +7 battleaxe "Fenesos" {chop, Int+6} (Trog
                  | gifted it to you on level 6 of the Lair of Beasts)
 21891 | Lair:6   | Paralysed by a hornet for 2 turns
 22139 | Lair:6   | Reached XP level 14. HP: 113/113 MP: 14/14
 22239 | Lair:6   | Found a viscous altar of Jiyva.
 22239 | Lair:6   | Found a staircase to the Slime Pits.
 22742 | Lair:6   | Paralysed by a hornet for 2 turns
 23354 | Lair:6   | Got a clouded bronze ring
 23770 | D:11     | Received a gift from Trog
 23901 | D:11     | Noticed Harold
 23903 | D:11     | Paralysed by Harold for 2 turns
 23908 | D:11     | Killed Harold
 23940 | D:11     | Reached skill level 14 in Axes
 24072 | D:11     | Identified the ring of Cyqaps {Int+7 SInv} (You found it on
                  | level 6 of the Lair of Beasts)
 24235 | D:11     | Found a blossoming altar of Fedhas.
 25208 | D:12     | Found a staircase to the Orcish Mines.
 25291 | D:12     | Found Voaloy's Weapon Emporium.
 25566 | D:13     | Received a gift from Trog
 25574 | D:13     | Got a dazzling triple sword {god gift}
 25576 | D:13     | Identified the +5 triple sword "Melau" {slice, Str+4} (Trog
                  | gifted it to you on level 13 of the Dungeon)
 26514 | D:13     | Paralysed by an ogre mage for 2 turns
 27064 | D:13     | Found a gate to the Vaults.
 27471 | D:14     | Found a shimmering altar of Xom.
 27597 | D:14     | Reached XP level 15. HP: 17/122 MP: 15/15
 27917 | D:14     | Noticed a fire giant
 27918 | D:14     | Noticed a shadow dragon
 27930 | D:13     | Killed a fire giant
 28172 | D:14     | Killed a shadow dragon
 28184 | D:14     | Found a basalt altar of Yredelemnul.
 28189 | D:14     | Found a bloodstained altar of Trog.
 28555 | D:14     | Reached skill level 15 in Axes
 28928 | D:14     | Received a gift from Trog
 29103 | D:15     | Entered Level 15 of the Dungeon
 29381 | D:15     | Noticed Rupert
 29390 | D:15     | Killed Rupert
 29745 | D:15     | Found a staircase to the Depths.
 30164 | D:15     | Noticed Agnes
 30177 | D:15     | Killed Agnes
 30921 | Orc:1    | Entered Level 1 of the Orcish Mines
 31091 | Orc:2    | Entered Level 2 of the Orcish Mines
 31101 | Orc:2    | Noticed Urug
 31369 | Orc:1    | Received a gift from Trog
 31849 | Orc:2    | Paralysed by an orc sorcerer for 6 turns
 31988 | Orc:1    | Killed Urug
 32040 | Orc:2    | Noticed an orc warlord
 32049 | Orc:2    | Paralysed by an orc sorcerer for 7 turns
 32055 | Orc:2    | HP: 5/123 [ice devil[an orc warlord] (17)]
 32055 | Orc:2    | Mangled by an orc warrior

Vault maps used:
D:1:      minmay_arrival_open_corners
D:2:      first_ration, minmay_misc_feat_square, tso_altar
D:3:      grunt_temple_overflow_lords_of_destruction, overflow_temple_1_default
D:4:      lemuel_coloured_pillars_altar, uniq_eustachio
D:5:      nicolae_gozag_cash_rules_everything_around_me
D:6:      zin_treasury, minmay_temple_entry_statues_fountains,
          nicolae_ossuary_entry_monument, uniq_crazy_yiuf_cottage, uniq_pikel,
          uniq_duvessa
D:7:      okawaru_metal_pillars_1_2, nicolae_overflow_hidden_temple,
          grunt_dithmenos_smoke_and_mirrors, abandoned_shop,
          nemelex_dance_club_becter
D:8:      nicolae_overflow_crystal_walls, lair_entry_dummy, serial_shops, shop,
          shop, nicolae_shop_statue_plus
D:9:      eat_drink_and_be_merry_uskayaw, basic_altar
D:10:     uniq_nergalle
D:11:     serial_shops, shop_fountains, grunt_ogre_cave, hangedman_tree_tricks,
          grunt_decor_arrowhead, minmay_rotating_lava, uniq_harold
D:12:     hiddenorc2_lemuel, serial_shops, shop
D:13:     grunt_vaults_entry_fortified, hangedman_decor_clover_reticule
D:14:     basic_altar, minmay_misc_feat_x, jmf_multi_god_temple
D:15:     hangedman_depths_entry_civil_slaughter, hangedman_decor_opposing,
          uniq_rupert, uniq_agnes
Temple:   jpeg_temple_clearing
Lair:1:   st_stairs_6, lemuel_fruit_fields, serial_bayou_shore_b,
          grunt_megastairs_4, lemuel_fruit_tree
Lair:2:   cheibrodos_lair_river_kwai
Lair:3:   palyth_hydra_swamp_entry, st_stairs_5, kennysheep_abandoned_house
Lair:4:   nicolae_spider_entry_tight_spaces, minivault_27, grunt_megastairs_5,
          uniq_sonja, uniq_josephine
Lair:5:   portal_ice_cave_entry_ice_beasts
Lair:6:   minmay_lair_end_enchanted_forest, slime_altar_1,
          chequers_serial_rivers_micro_b, st_stairs_9,
          chequers_serial_rivers_micro_e
Orc:2:    grunt_orc_cross, statue_in_the_mist_lemuel, uniq_urug
Ossuary:  ossuary_boxes_badplayer
IceCv:    ice_cave_statue_garden_chambered

Skill      XL: |  1  2  3  4  5  6  7  8  9 10 11 12 13 14 15 |
---------------+----------------------------------------------+-----
Throwing       | 2 |  2.4
Axes           | 3 4 5 6 7 9 10 12 13 14 15 | 15.6
Dodging        | 3 4 5 6 7 8 9 10 11 12 | 12.3
Fighting       | 3 4 6 7 8 9 10 11 12 13 | 13.1
Armour         | 1 2 3 5 6 7 8 9 10 11 | 11.9

Action                   |  1- 3 |  4- 6 |  7- 9 | 10-12 | 13-15 || total
-------------------------+-------+-------+-------+-------+-------++-------
Melee: War axe           |    90 |   132 |   294 |       |       ||   516
       Battleaxe         |       |       |    63 |   406 |   769 ||  1238
       Mace              |       |       |       |    49 |    42 ||    91
       Dagger            |       |       |       |     3 |       ||     3
Invok: Berserk           |       |       |       |     4 |    11 ||    15
       Trog's Hand       |       |       |       |       |     1 ||     1
       Brothers in Arms  |       |       |       |       |     1 ||     1
Evoke: Wand              |       |       |       |     6 |    22 ||    28
  Use: Scroll            |       |     2 |       |    23 |    10 ||    35
       Potion            |       |       |       |     1 |     1 ||     2
 Stab: Sleeping          |       |       |       |       |     1 ||     1
  Eat: Chunk             |     2 |     9 |    10 |    23 |    60 ||   104
       Ration            |       |       |     1 |     3 |     2 ||     6
Armor: Leather armour    |    26 |     4 |       |       |       ||    30
       Chain mail        |       |    55 |       |       |       ||    55
       Ring mail         |       |     7 |   145 |   270 |   244 ||   666
       Fire dragon scale |       |       |       |       |    68 ||    68
Dodge: Dodged            |    65 |    93 |   283 |   545 |   796 ||  1782

Table legend:
 A = Non-vault XP
 B = Vault XP
 C = Vault XP percentage of total XP
 D = Non-vault monster count
 E = Vault monster count
 F = Vault count percentage of total count
                 A         B        C        D         E       F
            +---------+---------+-------+---------+---------+-------
      Total |   75361 |   62937 |  45.5 |     522 |     254 |  32.7
            +---------+---------+-------+---------+---------+-------
        D:1 |      24 |       0 |   0.0 |      15 |       0 |   0.0
        D:2 |     100 |       0 |   0.0 |      29 |       0 |   0.0
        D:3 |     221 |      48 |  17.8 |      27 |       1 |   3.6
        D:4 |     254 |     188 |  42.5 |      23 |       1 |   4.2
        D:5 |     644 |     837 |  56.5 |      31 |       3 |   8.8
        D:6 |     657 |       0 |   0.0 |      17 |       0 |   0.0
        D:7 |    1958 |     128 |   6.1 |      41 |       2 |   4.7
        D:8 |    1090 |       0 |   0.0 |      19 |       0 |   0.0
        D:9 |    4053 |       0 |   0.0 |      36 |       0 |   0.0
       D:10 |    1434 |     824 |  36.5 |      23 |       1 |   4.2
       D:11 |    6977 |    1115 |  13.8 |      39 |       2 |   4.9
       D:12 |    1295 |    2514 |  66.0 |      20 |      34 |  63.0
       D:13 |    2561 |    8170 |  76.1 |      19 |       9 |  32.1
       D:14 |   11682 |   11135 |  48.8 |      34 |      29 |  46.0
       D:15 |    7880 |    9349 |  54.3 |      16 |       7 |  30.4
     Lair:1 |    4303 |     367 |   7.9 |      19 |       1 |   5.0
     Lair:2 |    3472 |    2956 |  46.0 |      18 |       8 |  30.8
     Lair:3 |    4151 |    4015 |  49.2 |      16 |      25 |  61.0
     Lair:4 |    3702 |    4380 |  54.2 |      16 |      14 |  46.7
     Lair:5 |    9424 |    1023 |   9.8 |      26 |       8 |  23.5
     Lair:6 |    7809 |   10411 |  57.1 |      26 |      49 |  65.3
      Orc:1 |    1667 |    2708 |  61.9 |      11 |       9 |  45.0
      Orc:2 |       3 |    1077 |  99.7 |       1 |       7 |  87.5
    Ossuary |       0 |     373 | 100.0 |       0 |      37 | 100.0
      IceCv |       0 |    1319 | 100.0 |       0 |       7 | 100.0
            +---------+---------+-------+---------+---------+-------
